 Dungeon Crawl Stone Soup version 0.26-a0-651-gb41185065b (webtiles) character file.

Game seed: 10343121079556957050

2507 Gargoyl the Skirmisher (level 9, -8/74 HPs)
             Began as a Gnoll Abyssal Knight on Sept 29, 2020.
             Was a Priest of Lugonu.
             Mangled by Gastronok (14 damage)
             ... on level 8 of the Dungeon.
             The game lasted 00:13:03 (7835 turns).

Gargoyl the Skirmisher (Gnoll Abyssal Knight)       Turns: 7835, Time: 00:13:03

Health: -8/74      AC: 14    Str: 17    XL:     9   Next: 53%
Magic:  0/15       EV: 15    Int: 14    God:    Lugonu [***...]
Gold:   401        SH:  6    Dex: 16    Spells: 16/16 levels left

rFire    . . .     SeeInvis .   B - +1 broad axe (vamp)
rCold    . . .     Faith    .   b - +1 buckler
rNeg     . . .     Spirit   +   A - +0 steam dragon scales
rPois    .         Reflect  .   z - +2 helmet
rElec    .         Harm     .   (no cloak)
rCorr    .         Rampage  .   t - +0 pair of gloves
MR       .....                  w - +2 pair of boots
Stlth    +++.......             k - amulet of guardian spirit
HPRegen  0.22/turn              (no ring)
MPRegen  0.14/turn              (no ring)

@: slowed, very slow
A: distributed training, fangs 1, strong nose
a: Depart the Abyss, Bend Space, Banish, Renounce Religion


You were on level 8 of the Dungeon.
You worshipped Lugonu.
Lugonu was most pleased with you.
You visited 1 branch of the dungeon, and saw 8 of its levels.
You visited the Abyss 1 time.

You collected 401 gold pieces.

Inventory:

Hand Weapons
 a - a +3 hand axe
 n - a +3 hand axe of freezing
 B - a +1 vampiric broad axe (weapon)
Missiles
 e - 3 javelins (quivered)
 s - 11 boomerangs
Armour
 b - a +1 buckler (worn)
 t - a +0 pair of gloves (worn)
 w - a +2 pair of boots (worn)
 z - a +2 helmet (worn)
 A - +0 steam dragon scales (worn)
Jewellery
 k - an amulet of guardian spirit (around neck)
Wands
 j - a wand of polymorph (7)
 u - a wand of acid (16)
Scrolls
 c - 2 scrolls of remove curse
 g - 3 scrolls of teleportation
 y - 3 scrolls of identify
Potions
 d - 3 potions of might
 f - 2 potions of lignification
 h - 4 potions of flight {unknown}
 i - 3 potions of curing
 l - 2 potions of stabbing {unknown}
 m - 2 potions of ambrosia {unknown}
 o - 2 potions of heal wounds {unknown}
 p - a potion of cancellation {unknown}
 q - a potion of berserk rage {unknown}
 r - 2 potions of brilliance
 v - 2 potions of mutation {unknown}
 x - a potion of invisibility {unknown}


   Skills:
 + Level 7.9 Fighting
 + Level 4.3 Short Blades
 + Level 4.3 Long Blades
 + Level 6.4 Axes
 + Level 4.3 Maces & Flails
 + Level 4.3 Polearms
 + Level 4.3 Staves
 + Level 4.3 Slings
 + Level 4.3 Bows
 + Level 4.3 Crossbows
 + Level 4.3 Throwing
 + Level 6.4 Armour
 + Level 5.1 Dodging
 + Level 4.3 Stealth
 + Level 4.3 Shields
 + Level 4.3 Unarmed Combat
 + Level 4.3 Spellcasting
 + Level 3.5 Conjurations
 + Level 3.5 Hexes
 + Level 3.5 Summonings
 + Level 3.5 Necromancy
 + Level 3.5 Translocations
 + Level 3.5 Transmutations
 + Level 3.5 Fire Magic
 + Level 3.5 Ice Magic
 + Level 3.5 Air Magic
 + Level 3.5 Earth Magic
 + Level 3.5 Poison Magic
 + Level 6.7 Invocations
 + Level 4.3 Evocations


You had 16 spell levels left.
You didn't know any spells.
Your spell library was empty.

Dungeon Overview and Level Annotations

Branches:
Dungeon (8/15)             Temple (0/1) D:6
   Lair: D:8-11

Altars:
Dithmenos
Elyvilon
Makhleb
Ru
Sif Muna
Trog
Vehumet
Xom
Yredelemnul
The Shining One

Shops:
D:6 =

Annotations:
D:8 Gastronok


Innate Abilities, Weirdness & Mutations

Your experience applies equally to all skills.
You have very sharp teeth.
Your uncanny sense of smell can sniff out nearby items.


Message History

Gastronok barely misses you.
You slice Gastronok!!
Gastronok is severely wounded.
The rat twitches its whiskers.
Gastronok bites you!!
You slash Gastronok!
Gastronok is severely wounded.
Gastronok bites you but does no damage.
You slash Gastronok!
Gastronok is severely wounded.
Gastronok bites you!!
* * * LOW HITPOINT WARNING * * *
You hit Gastronok.
You feel better.
Gastronok is almost dead.
Gastronok bites you!!
* * * LOW HITPOINT WARNING * * *
You slash Gastronok!
Gastronok is almost dead.
Gastronok bites you!
You die...

.# #.# #.# #.# #.#
#.#
##########.#######
.....rw@..........
########.#.#.####
#.#.# ∆ #.#.#.#
#.#.#.# #.#.#.# ∆
#.#.#.# #.#.#.#
#.#.#


You could see Gastronok (swift) and a rat (summoned).

Vanquished Creatures
  A sky beast (D:7)
  An ice beast (D:5)
  A phantom (D:5)
  6 ogres
  2 centaurs
  A big kobold (D:7)
  A bullfrog (D:5)
  2 scorpions
  7 wights
  2 howler monkeys
  6 hounds
  2 orc priests
  3 orc wizards
  A bullfrog skeleton (D:4)
  A gnoll shaman (D:7)
  3 iguanas
  4 worker ants
  A hound skeleton (D:4)
  3 gnolls (D:7)
  9 adders
  2 shadow imps
  An ufetubus (D:6)
  3 worms
  A dart slug (D:1)
  7 leopard geckos
  29 orcs
  A ball python (D:5)
  5 bats
  5 giant cockroaches
  7 goblins
  5 hobgoblins
  6 jackals
  12 kobolds
  5 quokkas
  A ball python skeleton (D:5)
  2 frilled lizards
  A leopard gecko skeleton (D:8)
  6 rats
156 creatures vanquished.

Vanquished Creatures (others)
  17 plants (D:8)
17 creatures vanquished.

Grand Total: 173 creatures vanquished

Notes
Turn   | Place    | Note
-------+----------+-------------------------------------------
     0 | Abyss:1  | Gargoyl the Gnoll Abyssal Knight began the quest for the
                  | Orb.
     0 | Abyss:1  | Reached XP level 1. HP: 23/23 MP: 3/3
    59 | Abyss:1  | Noticed an ice statue
    60 | Abyss:1  | Noticed an ice beast
    90 | Abyss:1  | Found a corrupted altar of Lugonu.
   135 | Abyss:1  | Noticed an ancient zyme
   142 | Abyss:1  | Noticed a small abomination
   149 | Abyss:1  | Noticed a quasit
   152 | Abyss:1  | Noticed a chaos spawn
   175 | Abyss:1  | Found a basalt altar of Yredelemnul.
   221 | Abyss:2  | Noticed a raiju
   222 | Abyss:2  | Noticed a raiju
   224 | D:1      | Escaped the Abyss
   413 | D:1      | Reached XP level 2. HP: 28/29 MP: 5/5
   560 | D:1      | Reached * piety under Lugonu
   718 | D:1      | Reached XP level 3. HP: 33/35 MP: 6/6
  1236 | D:2      | Reached skill level 1 in Short Blades
  1236 | D:2      | Reached skill level 1 in Long Blades
  1236 | D:2      | Reached skill level 1 in Maces & Flails
  1236 | D:2      | Reached skill level 1 in Polearms
  1236 | D:2      | Reached skill level 1 in Staves
  1236 | D:2      | Reached skill level 1 in Slings
  1236 | D:2      | Reached skill level 1 in Bows
  1236 | D:2      | Reached skill level 1 in Crossbows
  1236 | D:2      | Reached skill level 1 in Throwing
  1236 | D:2      | Reached skill level 1 in Stealth
  1236 | D:2      | Reached skill level 1 in Shields
  1236 | D:2      | Reached skill level 1 in Unarmed Combat
  1236 | D:2      | Reached skill level 1 in Spellcasting
  1236 | D:2      | Reached skill level 1 in Evocations
  1366 | D:2      | Reached XP level 4. HP: 41/41 MP: 7/7
  1419 | D:2      | Found a faded altar of an unknown god.
  2041 | D:3      | Noticed an ogre
  2046 | D:3      | Killed an ogre
  2046 | D:3      | Reached skill level 1 in Conjurations
  2046 | D:3      | Reached skill level 1 in Hexes
  2046 | D:3      | Reached skill level 1 in Summonings
  2046 | D:3      | Reached skill level 1 in Necromancy
  2046 | D:3      | Reached skill level 1 in Translocations
  2046 | D:3      | Reached skill level 1 in Transmutations
  2046 | D:3      | Reached skill level 1 in Fire Magic
  2046 | D:3      | Reached skill level 1 in Ice Magic
  2046 | D:3      | Reached skill level 1 in Air Magic
  2046 | D:3      | Reached skill level 1 in Earth Magic
  2046 | D:3      | Reached skill level 1 in Poison Magic
  2046 | D:3      | Reached XP level 5. HP: 47/47 MP: 8/8
  2171 | D:3      | Reached ** piety under Lugonu
  2174 | D:3      | Reached skill level 5 in Invocations
  2174 | D:3      | Reached XP level 6. HP: 32/53 MP: 9/9
  2720 | D:4      | Found a shadowy altar of Dithmenos.
  3561 | D:4      | Reached skill level 5 in Axes
  3561 | D:4      | Reached skill level 5 in Armour
  3632 | D:4      | Found a radiant altar of Vehumet.
  3661 | D:5      | Entered Level 5 of the Dungeon
  3770 | D:5      | Reached skill level 7 in Fighting
  3770 | D:5      | Reached XP level 7. HP: 45/60 MP: 10/10
  4275 | D:5      | You fall into a shaft and drop 3 floors!
  4754 | D:7      | Reached XP level 8. HP: 65/67 MP: 12/12
  5010 | D:7      | Found a basalt altar of Yredelemnul.
  5039 | D:7      | Reached *** piety under Lugonu
  5477 | D:6      | Found Feesur's Jewellery Shoppe.
  5723 | D:6      | Found a staircase to the Ecumenical Temple.
  6087 | D:5      | Found a white marble altar of Elyvilon.
  6088 | D:5      | Found a shimmering blue altar of Sif Muna.
  6088 | D:5      | Found a burning altar of Makhleb.
  6088 | D:5      | Found a sacrificial altar of Ru.
  6089 | D:5      | Found a shimmering altar of Xom.
  6090 | D:5      | Found a bloodstained altar of Trog.
  6129 | D:5      | Found a shimmering blue altar of Sif Muna.
  6639 | D:5      | Reached XP level 9. HP: 70/73 MP: 14/14
  7109 | D:6      | Found a glowing golden altar of the Shining One.
  7565 | D:8      | Reached skill level 5 in Dodging
  7802 | D:8      | Identified a scroll of acquirement
  7802 | D:8      | Acquired a +1 vampiric broad axe
  7818 | D:8      | Noticed Gastronok
  7835 | D:8      | Mangled by Gastronok

Illustrated notes

Levels and vault maps discovered:
D:1:      dpeg_arrival_three_same_balls, layout_basic, minmay_small_reverse_x
D:2:      layout_basic, chequers_ecumenical_altar_twisty
D:3:      layout_rooms, serial_corexii_hall, chequers_hall_statues_wall_a,
          corexii_hall_statues_t
D:4:      minmay_spotlight, layout_loops_cross, vehumet_crystals,
          nicolae_dithmenos_through_a_glass_darkly
D:5:      layout_loops_ring, minitemple, lemuel_blue_sif_altar
D:6:      layout_rooms, tso_altar, minmay_temple_entry_arrows, serial_shops,
          shop_statue
D:7:      layout_basic, kennysheep_little_box
D:8:      layout_basic, marbit_many_paths, enter_bailey_6, serial_bayou_ford_a,
          uniq_gastronok

Skill      XL: |  1  2  3  4  5  6  7  8  9 |
---------------+----------------------------+-----
Short Blades   | 1 2 3 4 |  4.3
Long Blades    | 1 2 3 4 |  4.3
Maces & Flails | 1 2 3 4 |  4.3
Polearms       | 1 2 3 4 |  4.3
Staves         | 1 2 3 4 |  4.3
Slings         | 1 2 3 4 |  4.3
Bows           | 1 2 3 4 |  4.3
Crossbows      | 1 2 3 4 |  4.3
Throwing       | 1 2 3 4 |  4.3
Stealth        | 1 2 3 4 |  4.3
Shields        | 1 2 3 4 |  4.3
Unarmed Combat | 1 2 3 4 |  4.3
Spellcasting   | 1 2 3 4 |  4.3
Evocations     | 1 2 3 4 |  4.3
Dodging        | 3 4 5 |  5.1
Conjurations   | 1 2 3 |  3.5
Hexes          | 1 2 3 |  3.5
Summonings     | 1 2 3 |  3.5
Necromancy     | 1 2 3 |  3.5
Translocations | 1 2 3 |  3.5
Transmutations | 1 2 3 |  3.5
Fire Magic     | 1 2 3 |  3.5
Ice Magic      | 1 2 3 |  3.5
Air Magic      | 1 2 3 |  3.5
Earth Magic    | 1 2 3 |  3.5
Poison Magic   | 1 2 3 |  3.5
Invocations    | 5 6 |  6.7
Axes           | 5 6 |  6.4
Armour         | 5 6 |  6.4
Fighting       | 7 |  7.9

Action                   |  1- 3 |  4- 6 |  7- 9 || total
-------------------------+-------+-------+-------++-------
Melee: Hand axe          |    98 |   157 |   327 ||   582
       Bite              |     6 |    19 |    37 ||    62
       Broad axe         |       |       |    14 ||    14
Throw: Javelin           |       |    10 |    12 ||    22
Invok: Depart the Abyss  |     1 |       |       ||     1
       Bend Space        |       |     1 |       ||     1
       Banish            |       |       |     2 ||     2
Evoke: Wand              |       |       |     1 ||     1
  Use: Scroll            |     5 |     8 |    13 ||    26
       Potion            |     1 |     1 |     1 ||     3
 Stab: Sleeping          |       |       |     3 ||     3
Armor: Ring mail         |    67 |    43 |    38 ||   148
       Skin              |       |       |     3 ||     3
       Steam dragon scal |       |       |    47 ||    47
Dodge: Dodged            |    89 |    80 |   206 ||   375
Block: Buckler           |    12 |    38 |   102 ||   152

Table legend: (Time is in decaauts)
 A = Elapsed time spent in this place.
 B = Non-inter-level travel time spent in this place.
 C = Inter-level travel time spent in this place.
 D = Time resting spent in this place.
 E = Time spent auto-exploring this place.
 F = Levels seen in this place.
 G = Mean time per level.
                   A        B        C        D        E       F      G
               +--------+--------+--------+--------+--------+-----+--------+
         Total |   7888 |   7666 |    222 |   1891 |   3938 |  10 |  788.8 |
       Dungeon |   7664 |   7442 |    222 |   1891 |   3852 |   8 |  958.0 |
         Abyss |    223 |    223 |      0 |      0 |     86 |   2 |  111.5 |
               +--------+--------+--------+--------+--------+-----+--------+

Top non-repeatable levels by time:
     D:5: 1754 daAuts
     D:7: 1075 daAuts
     D:4: 1025 daAuts
     D:3: 933 daAuts
     D:2: 864 daAuts
     D:6: 698 daAuts
     D:8: 677 daAuts
     D:1: 635 daAuts
 Abyss:1: 178 daAuts
 Abyss:2: 45 daAuts
